 Dungeon Crawl Stone Soup version 0.19-a0-1111-gcceb26a (webtiles) character file.

4255 epen the Covert (level 10, -7/46 HPs)
             Began as a Felid Monk on Aug 11, 2016.
             Was an Elder of Dithmenos.
             Mangled by a porcupine (16 damage)
             ... on level 1 of the Lair of Beasts.
             The game lasted 00:21:15 (12521 turns).

epen the Covert (Felid Monk)                       Turns: 12521, Time: 00:21:16

Health: -7/46      AC:  2    Str:  7    XL:     10   Next: 10%
Magic:  15/15      EV: 25    Int: 20    God:    Dithmenos [****..]
Gold:   488        SH:  0    Dex: 19    Spells: 1 memorised, 13 levels left
                                        Lives:  0   Deaths: 3

rFire  . . .     SeeInvis +       - Unarmed
rCold  . . .     Gourm    .     (armour unavailable)
rNeg   . . .     Faith    .     (shield unavailable)
rPois  .         Spirit   .     (helmet unavailable)
rElec  .         Dismiss  .     (cloak unavailable)
rCorr  .         Reflect  .     (gloves unavailable)
SustAt .         Harm     .     (boots unavailable)
MR     +....                    D - amulet of rage
Stlth  ++++++++..               y - +5 ring of intelligence
                                k - ring of see invisible

@: wreathed by umbra, quick
A: no armour, no weapons or thrown items, claws 1, fangs 3, see invisible,
carnivore 3, speed 1, shaggy fur 2, slow metabolism 1, sharp paws
a: Shadow Step, Renounce Religion, Evoke Berserk Rage


You were on level 1 of the Lair of Beasts.
You worshipped Dithmenos.
Dithmenos was greatly pleased with you.
You were full.

You visited 2 branches of the dungeon, and saw 11 of its levels.

You collected 488 gold pieces.

Inventory:

Jewellery
 k - a ring of see invisible (left paw)
 o - an uncursed amulet of dismissal
 t - a +3 amulet of reflection
 y - a +5 ring of intelligence (right paw)
 D - an amulet of rage (around neck)
Wands
 x - a wand of iceblast (0/15)
 E - a wand of disintegration (6/24)
Scrolls
 d - a scroll of fear
 e - 8 scrolls of remove curse
 l - 3 scrolls of immolation
 s - 2 scrolls of recharging
 v - 3 scrolls of fog
 B - 3 scrolls of identify
 F - a scroll of magic mapping {unknown}
 G - a scroll of amnesia
Potions
 b - a potion of resistance {unknown}
 c - 2 potions of flight
 f - 3 potions of haste
 g - 3 potions of invisibility
 i - 3 potions of might
 j - a potion of berserk rage {unknown}
 m - 3 potions of ambrosia {unknown}
 n - 3 potions of curing
 p - a potion of cancellation
 u - 2 potions of brilliance
 A - a potion of heal wounds
Books
 q - a book of Summonings

   Spells                             Type                      Level
   a - Recall                         Summoning/Translocation      3
   b - Aura of Abjuration             Summoning                    5
   c - Summon Demon                   Summoning                    5
   d - Summon Forest                  Summoning/Translocation      5
   e - Summon Mana Viper              Hexes/Summoning              5
   f - Shadow Creatures               Summoning                    6
 r - a book of Burglary

   Spells                             Type                      Level
   a - Swiftness                      Charms/Air                   2
   b - Passwall                       Transmutation/Earth          2
   c - Passage of Golubria            Translocation                4
   d - Lee's Rapid Deconstruction     Earth                        5
   e - Darkness                       Hexes                        6
   f - Invisibility                   Hexes                        6
 w - a book of the Warp

   Spells                             Type                      Level
   a - Recall                         Summoning/Translocation      3
   b - Gell's Gravitas                Hexes/Translocation          3
   c - Force Lance                    Conjuration/Translocation    4
   d - Warp Weapon                    Charms/Translocation         5
   e - Summon Forest                  Summoning/Translocation      5
 C - a book of Dreams

   Spells                             Type                      Level
   a - Ensorcelled Hibernation        Hexes/Ice                    2
   b - Silence                        Hexes/Air                    5
   c - Darkness                       Hexes                        6
   d - Shadow Creatures               Summoning                    6
Comestibles
 a - 8 meat rations
 h - a royal jelly
 z - 5 beef jerkies
 H - 7 slices of pizza


   Skills:
 + Level 6.3 Fighting
 + Level 8.2 Dodging
 + Level 9.4 Stealth
 + Level 7.5 Unarmed Combat
 + Level 3.0 Spellcasting
 * Level 7.1 Transmutations
 * Level 6.7 Earth Magic
 * Level 5.8 Invocations


You had 13 spell levels left.
You knew the following spells:

 Your Spells              Type           Power        Failure   Level  Hunger
a - Passwall              Tmut/Erth      ####......   1%          2    ##.....


Dungeon Overview and Level Annotations

Branches:
Dungeon (9/15)             Temple (0/1) D:6            Lair (2/6) D:9
    Orc (0/2) D:9
  Swamp: Lair:2-4    Shoals: Lair:2-4     Snake: Lair:2-4    Spider: Lair:2-4

Altars:
Cheibriados
Dithmenos
Kikubaaqudgha
Makhleb
Nemelex Xobeh
Okawaru
Ru
Trog
Vehumet
Yredelemnul

Annotations:
D:3 aronpayne's ghost, amateur DsFi
D:4 Grinder; Multipenetrator's ghost, amateur HESk
D:9 exclusion: statue


Innate Abilities, Weirdness & Mutations

You cannot wear armour.
You are incapable of wielding weapons or throwing items.
You have sharp claws.
You have razor-sharp teeth.
You have supernaturally acute eyesight. (SInv)
You are carnivorous and can eat meat at any time.
You cover ground quickly.
You are covered in thick fur. (AC +2)
You have a slow metabolism.
Your sharp claws are effective at attacking unaware monsters.


Message History

The porcupine bites you.
You claw the porcupine!
The porcupine is severely wounded.
The porcupine misses you.
You are struck by the porcupine's spines.
* * * LOW HITPOINT WARNING * * *
You barely miss the porcupine.
The porcupine is severely wounded.
The porcupine bites you but does no damage.
You are too injured to fight recklessly!
You closely miss the porcupine. Your bite misses the porcupine.
The porcupine is severely wounded.
The porcupine misses you.
You scratch the porcupine.
The porcupine is almost dead.
The porcupine completely misses you.
You scratch the porcupine.
The porcupine is almost dead.
The porcupine bites you!
You die...

.##.####.## ### ### .....#
#..###.###.# ##..##
#....[.....#
##...#########^#..#
......## ####.# ###
##..#.†# #.######P#
##....## #........#
#...#.###########.#.#.##.#
##.......>......@r.#####.#
##..####.#.##...#### ##.#
##.## ###......# #..##
##.# ##.##..## ##..# ...#
### ####...# ##.##
.#.####.### #..## #..#
l#........####..# ##.##
......##........# ##..#
..##.##.#.#..##.# #P.##


You could see a porcupine.

Vanquished Creatures
  Sonja (Lair:1)
  A gargoyle (D:9)
  A komodo dragon (Lair:1)
  A troll (D:9)
  6 yaks
  A human (D:9)
  A basilisk (Lair:1)
  Grum (D:9)
  A hippogriff (D:8)
  2 vampire mosquitoes (D:8)
  3 water moccasins
  4 orc warriors
  2 sky beasts (D:9)
  A phantom (D:5)
  4 centaurs
  8 ogres
  10 wolves
  A crocodile (Lair:1)
  5 big kobolds
  3 giant frogs
  3 gnoll sergeants (D:9)
  A water moccasin skeleton (D:9)
  3 scorpions
  2 wights (D:6)
  4 howler monkeys
  5 crimson imps
  5 hounds
  3 orc priests
  2 jellies
  4 iguanas
  2 orc wizards
  5 worker ants
  3 sheep (D:9)
  2 hound skeletons
  6 gnolls
  3 howler monkey skeletons
  14 adders
  5 shadow imps
  2 oozes
  An adder zombie (D:9)
  An adder skeleton (D:4)
  A worm (D:3)
  2 dart slugs (D:1)
  7 giant geckos
  21 orcs
  5 giant cockroaches
  5 goblins
  7 hobgoblins
  12 jackals
  6 quokkas
  2 ball pythons
  A bat (D:1)
  4 giant newts
  A jackal skeleton (D:5)
  17 kobolds
  6 rats
230 creatures vanquished.

Vanquished Creatures (others)
  A fungus (Lair:1)
  A plant (Lair:1)
2 creatures vanquished.

Grand Total: 232 creatures vanquished

Notes
Turn   | Place    | Note
-------+----------+-------------------------------------------
     0 | D:1      | epen the Felid Monk began the quest for the Orb.
     0 | D:1      | Reached XP level 1. HP: 10/10 MP: 2/2
   171 | D:1      | Reached XP level 2. HP: 12/14 MP: 3/3
   258 | D:1      | Reached skill level 3 in Stealth
   432 | D:1      | Reached XP level 3. HP: 17/17 MP: 4/4
  1330 | D:2      | Reached XP level 4. HP: 17/21 MP: 5/5
  1496 | D:2      | Reached skill level 4 in Stealth
  1904 | D:3      | Found a faded altar of an unknown god.
  1972 | D:3      | Noticed aronpayne's ghost (amateur DsFi)
  2172 | D:3      | Noticed a water moccasin
  2183 | D:3      | Killed a water moccasin
  2183 | D:3      | Reached skill level 5 in Stealth
  2183 | D:3      | Reached XP level 5. HP: 12/25 MP: 6/6
  2213 | D:3      | HP: 1/25 [poisoned by a water moccasin]
  2744 | D:4      | Reached skill level 5 in Unarmed Combat
  2744 | D:4      | Gained mutation: You are covered in thick fur. (AC +2) [Felid growth]
  2744 | D:4      | Reached XP level 6. HP: 28/28 MP: 7/7
  2779 | D:4      | Noticed Grinder
  2982 | D:4      | Noticed Multipenetrator's ghost (amateur HESk)
  3054 | D:4      | Reached skill level 5 in Dodging
  3058 | D:4      | Learned a level 2 spell: Passwall
  3724 | D:4      | Found a sacrificial altar of Ru.
  3772 | D:5      | Entered Level 5 of the Dungeon
  3796 | D:5      | Reached skill level 1 in Transmutations
  3953 | D:5      | Reached skill level 1 in Earth Magic
  3953 | D:5      | Reached XP level 7. HP: 12/32 MP: 8/8
  4174 | D:5      | Found a shadowy altar of Dithmenos.
  4234 | D:5      | Became a worshipper of Dithmenos the Shadowed
  4234 | D:5      | Reached * piety under Dithmenos
  4234 | D:5      | Reached ** piety under Dithmenos
  4341 | D:5      | Reached skill level 6 in Stealth
  5385 | D:6      | Reached XP level 8. HP: 36/36 MP: 9/9
  5522 | D:6      | Found a staircase to the Ecumenical Temple.
  5872 | D:6      | Reached skill level 1 in Invocations
  6021 | D:6      | Reached skill level 7 in Stealth
  6317 | D:7      | Found a sparkling altar of Nemelex Xobeh.
  6491 | D:7      | Found a bloodstained altar of Trog.
  6492 | D:7      | Found an iron altar of Okawaru.
  7393 | D:8      | Found a burning altar of Makhleb.
  7394 | D:8      | Found a snail-covered altar of Cheibriados.
  7397 | D:8      | Found an ancient bone altar of Kikubaaqudgha.
  7399 | D:8      | Found a basalt altar of Yredelemnul.
  7447 | D:8      | Reached skill level 5 in Fighting
  7595 | D:8      | Reached *** piety under Dithmenos
  7595 | D:8      | Reached XP level 9. HP: 35/40 MP: 11/11
  7660 | D:8      | Reached skill level 1 in Spellcasting
  7802 | D:9      | Noticed a troll
  7861 | D:9      | Noticed a gargoyle
  7885 | D:9      | HP: 2/40 [sky beast (2)]
  7885 | D:9      | Slain by a sky beast
  7886 | D:9      | Reached XP level 8. HP: -4/37 MP: 11/11
  7898 | D:9      | Noticed Grum
  7924 | D:9      | Killed Grum
  7924 | D:9      | Reached skill level 8 in Stealth
  7935 | D:9      | Slain by a wolf
  7936 | D:9      | Reached XP level 7. HP: 0/33 MP: 10/10
  8127 | D:9      | Found a radiant altar of Vehumet.
  8131 | D:9      | Reached skill level 5 in Transmutations
  8155 | D:9      | Reached skill level 5 in Earth Magic
  8348 | D:9      | Reached XP level 8. HP: 21/37 MP: 11/11
  8540 | D:9      | HP: 1/37 [water moccasin skeleton (7)]
  8876 | D:9      | Found a staircase to the Lair.
  9132 | D:9      | Killed a troll
  9132 | D:9      | Reached XP level 9. HP: 19/40 MP: 13/13
  9647 | D:9      | Reached **** piety under Dithmenos
 10023 | D:9      | Killed a gargoyle
 10586 | D:9      | Reached skill level 9 in Stealth
 11022 | D:9      | Reached skill level 5 in Invocations
 11160 | D:9      | Reached XP level 10. HP: 45/45 MP: 14/14
 11190 | D:9      | Found a staircase to the Orcish Mines.
 11341 | D:9      | HP: 2/45 [killer bee (2)]
 11342 | D:9      | Mangled by a killer bee
 11343 | D:9      | Reached XP level 9. HP: -7/41 MP: 13/13
 11399 | Lair:1   | Entered Level 1 of the Lair of Beasts
 11428 | Lair:1   | Noticed Sonja
 11433 | Lair:1   | Killed Sonja
 11456 | Lair:1   | You fall through a shaft!
 11456 | Lair:2   | Noticed an elephant
 11457 | Lair:2   | Noticed an elephant
 11459 | Lair:2   | Noticed a black mamba
 11460 | Lair:2   | Noticed an elephant
 11462 | Lair:2   | Noticed an elephant
 11467 | Lair:2   | Noticed an elephant
 11736 | Lair:1   | Noticed a komodo dragon
 11773 | Lair:1   | Killed a komodo dragon
 11808 | Lair:1   | Reached XP level 10. HP: 18/45 MP: 15/15
 12450 | Lair:1   | Noticed a spiny frog
 12521 | Lair:1   | Mangled by a porcupine

Vault maps used:
D:1:      mrwooster_arrival_statue_3, grunt_decor_arrowhead, corner_web_ring
D:2:      first_bread, st_stairs_6, minmay_misc_feat_roman,
          kennysheep_generic_room_10
D:3:      ecumenical_altar_2
D:4:      nicolae_ru_path_of_blood, serial_shops, shop, uniq_grinder
D:5:      lemuel_doored_altar, gup_sewer_entry_bowl
D:7:      grunt_temple_overflow_bloody_war, nemelex_xobeh_ov_fountains_minmay
D:8:      minitemple
D:9:      vehumet_statue, lair_0_dummy, kennysheep_orc_monster_closet_entryway,
          grunt_livestock, uniq_grum
Lair:1:   uniq_sonja
Lair:2:   grunt_forest_large_clearings, uniq_fannar, uniq_harold

Skill      XL: |  1  2  3  4  5  6  7  8  9 |
---------------+----------------------------+-----
Stealth        | 3 5 6 8 9 |  9.4
Unarmed Combat | 4 5 6 7 |  7.5
Dodging        | 5 7 8 |  8.2
Fighting       | 4 5 6 |  6.3
Transmutations | 1 5 4 7 |  7.1
Earth Magic    | 1 5 4 6 |  6.7
Invocations    | 4 5 |  5.8
Spellcasting   | 2 3 |  3.0

Action                   |  1- 3 |  4- 6 |  7- 9 | 10-12 || total
-------------------------+-------+-------+-------+-------++-------
Melee: Unarmed           |    81 |   145 |   631 |    83 ||   940
       Bite              |     4 |    14 |    74 |     5 ||    97
       Punch             |     1 |     4 |    17 |     1 ||    23
 Cast: Passwall          |       |       |     1 |       ||     1
 Abil: Evoke Berserk Rag |       |       |     8 |       ||     8
Evoke: Wand              |       |       |     4 |     1 ||     5
  Use: Scroll            |       |       |    21 |       ||    21
       Potion            |       |       |     4 |       ||     4
 Stab: Sleeping          |    19 |    13 |    34 |       ||    66
       Distracted        |       |     3 |     4 |     2 ||     9
  Eat: Chunk             |     3 |     7 |    33 |     1 ||    44
Armor: Skin              |     2 |     4 |     9 |     3 ||    18
Dodge: Dodged            |    48 |   155 |   585 |    86 ||   874
Block: Other             |       |    15 |    14 |       ||    29
